Map: Newkirk Precinct TE (Void)

Players

MaSa - Winner!

  • Race: Terran Terran
  • Spawn Location: 7:00

ViBE

  • Race: Zerg Zerg
  • Spawn Location: 5:00

Event: WCS Austin 2017

VOD

Have the link to the VOD?

Description

Time

  • Played on: April 28, 2017, 4:49 p.m.
  • Length: 13:21

All games in this series

Show
View Real Time Build Order
Export as new Build Order

MaSa Terran - Winner!

Build Orders: Reaper Expand, MMM Bio 

Get SALT Encoding   

  12  0:00  SCV  
  13  0:12  SCV  
  14  0:17  Supply Depot  
  14  0:25  SCV  
  15  0:29  Refinery  
  15  0:39  SCV  
  16  0:45  Barracks  
  16  0:51  SCV  
  17  1:03  SCV  
  18  1:15  SCV  
  19  1:32  Reaper, Orbital Command  
  20  1:45  Command Center  
  20  1:56  Factory  
  20  2:00  SCV  
  21  2:05  Refinery  
  21  2:07  Barracks Reactor  
  21  2:13  SCV  
  22  2:18  Supply Depot  
  22  2:25  SCV  
  23  2:40  SCV  
  24  2:44  Starport  
  24  2:51  Hellion  
  24  2:52  Hellion, Marine, SCV  
  30  3:00  Orbital Command  
  30  3:04  SCV  
  31  3:16  Hellion x2  
  31  3:18  SCV  
  36  3:20  Marine  
  37  3:27  Viking  
  37  3:30  SCV  
  37  3:33  SCV  
  41  3:43  SCV  
  41  3:44  Hellion  
  41  3:45  Barracks Tech Lab, SCV  
  45  3:55  SCV  
  46  4:00  Supply Depot  
  46  4:10  Command Center  
  46  4:18  SCV  
  46  4:19  SCV  
  46  4:21  Raven  
  46  4:22  Hellion x2  
  51  4:28  Supply Depot, Barracks Tech Lab  
  51  4:31  SCV  
  52  4:33  SCV  
  53  4:43  SCV  
  54  4:50  Hellion x2, SCV  
  54  4:51  Supply Depot  
  59  4:53  Supply Depot  
  59  4:55  SCV  
  60  5:02  SCV  
  61  5:07  SCV  
  61  5:10  Raven  
  61  5:11  Armory  
  61  5:12  Hellion x2, Marine, Stimpack  
  67  5:14  SCV  
  68  5:21  SCV  
  68  5:22  Barracks  
  68  5:24  Barracks  
  68  5:26  Orbital Command  
  68  5:28  SCV  
  70  5:31  Marine  
  71  5:36  Hellion x2  
  71  5:38  Supply Depot  
  71  5:39  SCV  
  76  5:49  SCV  
  77  5:55  Marine  
  78  5:57  Barracks  
  78  5:58  Barracks  
  78  5:59  Engineering Bay, Orbital Command  
  78  6:01  Starport Reactor  
  78  6:03  Engineering Bay  
  78  6:04  Refinery  
  78  6:05  Refinery, SCV  
  78  6:07  SCV  
  80  6:13  Marine  
  80  6:15  Barracks Reactor x2  
  80  6:17  SCV  
  82  6:19  SCV  
  82  6:21  Hellion x3  
  79  6:27  SCV  
  79  6:29  SCV  
  79  6:31  SCV  
  76  6:36  Siege Tank  
  76  6:37  Marine  
  76  6:39  SCV  
  73  6:41  SCV  
  73  6:43  SCV  
  72  6:51  SCV  
  72  6:53  SCV  
  72  6:54  Marine x3  
  74  6:55  SCV  
  74  7:00  Terran Infantry Armor Level 1, Terran Infantry Weapons Level 1  
  77  7:02  Marine  
  77  7:03  Barracks Reactor x2, SCV  
  77  7:05  SCV  
  77  7:06  Marine  
  77  7:07  SCV  
  82  7:11  Medivac, Marine  
  82  7:12  Combat Shields, Marine x2  
  87  7:16  SCV  
  87  7:17  SCV  
  87  7:18  Siege Tank  
  87  7:20  Marine  
  87  7:21  Refinery  
  87  7:22  Refinery  
  93  7:23  Marine  
  93  7:25  SCV  
  93  7:28  SCV  
  93  7:29  Supply Depot x2, Marine  
  96  7:30  Medivac  
  96  7:32  Supply Depot  
  96  7:33  SCV  
  96  7:34  Marine  
  101  7:50  Medivac, Marine x8  
  101  7:51  Siege Tank  
  114  7:52  Marine  
  114  7:53  Supply Depot  
  114  7:57  Supply Depot x2  
  115  7:59  SCV  
  116  8:08  Marine x8  
  116  8:10  Marine  
  120  8:23  Medivac x2  
  120  8:24  Siege Tank  
  120  8:26  Marine x5  
  132  8:28  Marine  
  132  8:31  Marine x3  
  136  8:35  Supply Depot  
  136  8:37  Supply Depot  
  136  8:44  Marine x2  
  136  8:46  Marine x4  
  142  8:49  Marine x2  
  142  8:50  Marauder  
  142  8:53  Medivac x2  
  148  8:59  Command Center  
  148  9:01  Barracks  
  148  9:02  Marine x2  
  150  9:03  Barracks  
  150  9:04  Barracks, Marine x4  
  150  9:06  Siege Tank  
  150  9:07  Marine x2  
  159  9:12  Marine  
  159  9:15  Terran Infantry Weapons Level 2, Terran Infantry Armor Level 2  
  160  9:19  Marine x2  
  160  9:22  Marine  
  160  9:23  Marine x2  
  165  9:28  Supply Depot  
  165  9:30  Marine x2  
  165  9:31  Medivac x2  
  171  9:32  Marine x2  
  171  9:37  Supply Depot, Marine  
  171  9:38  Supply Depot x2  
  173  9:40  Supply Depot  
  173  9:43  Marine x2  
  173  9:44  Marine  
  176  9:50  Marine x3  
  176  9:51  Marauder, Marine  
  171  10:01  Medivac, Marine x2  
  171  10:04  Barracks Tech Lab  
  171  10:05  Barracks Tech Lab  
  168  10:10  Marine x2  
  168  10:12  Marauder, Barracks Tech Lab  
  162  10:23  Marine x3  
  162  10:24  Marauder, Marine x3  
  158  10:33  Marauder  
  158  10:34  Marine x3  
  158  10:35  Marauder, Siege Tank  
  168  10:41  Marine x3  
  168  10:42  Marine x3  
  157  10:45  Marauder  
  149  10:52  Medivac, Marine x2  
  149  10:53  Marauder  
  149  10:54  Marine  
  151  10:57  Planetary Fortress  
  151  11:00  Marine x2  
  151  11:01  Marine  
  153  11:07  Siege Tank  
  143  11:16  Marauder, Marine x4  
  145  11:19  Medivac  
  145  11:20  Marauder, Marine x5  
  145  11:22  Medivac  
  145  11:24  Marine, Concussive Shells  
  156  11:34  Marine x2  
  156  11:39  Siege Tank, Marine x4  
  167  11:40  Marauder  
  167  11:42  Command Center  
  167  11:43  Marine x2  
  167  11:44  Marauder, Marine  
  172  11:48  Medivac  
  174  12:03  Marine x2  
  174  12:04  Marauder, Marine x3  
  174  12:07  Marine  
  174  12:08  Marauder, Marine  
  185  12:13  Medivac  
  185  12:14  Marine x2  
  185  12:15  Marauder  
  185  12:21  Marine x2  
  185  12:22  Marine x3  
  187  12:25  Marauder, Marine  
  187  12:27  Marine  
  187  12:29  Marauder  
  191  12:30  Siege Tank  
  191  12:32  Marine  
  191  12:33  Marauder  
  191  12:36  Marauder  
  194  12:39  Marine x2  
  194  12:40  Marine x2  
  196  12:45  Marine  
  196  12:46  Marine  
  196  12:47  Marauder  
  200  12:56  Refinery  
Show
View Real Time Build Order
Export as new Build Order

ViBE Zerg 

Build Orders: Hatch First 

Get SALT Encoding   

  12  0:01  Drone  
  13  0:13  Overlord  
  13  0:18  Drone  
  14  0:32  Drone x2  
  16  0:35  Drone  
  17  0:54  Hatchery  
  17  0:57  Drone  
  17  1:11  Spawning Pool  
  16  1:14  Drone  
  16  1:18  Drone  
  18  1:25  Drone  
  19  1:42  Hatchery  
  19  1:46  Drone  
  19  1:49  Drone  
  20  1:59  Overlord  
  20  2:05  Queen  
  20  2:07  Zergling x2  
  23  2:16  Queen  
  23  2:18  Zergling x2  
  23  2:22  Zergling x2  
  27  2:25  Drone  
  27  2:27  Drone  
  29  2:35  Drone x2  
  30  2:38  Drone  
  31  2:45  Queen  
  31  2:47  Drone  
  34  2:54  Overlord  
  34  2:59  Queen  
  34  3:04  Drone x2  
  34  3:05  Drone  
  39  3:11  Overlord  
  39  3:17  Drone x3  
  39  3:18  Drone  
  43  3:21  Drone  
  43  3:22  Drone  
  43  3:23  Drone  
  46  3:30  Queen  
  48  3:34  Queen  
  48  3:41  Extractor, Spore Crawler  
  48  3:43  Drone x2  
  49  3:58  Drone x9  
  56  4:18  Queen x2  
  56  4:22  Overlord x2  
  57  4:25  Extractor  
  57  4:27  Extractor  
  55  4:40  Drone x4  
  59  4:48  Evolution Chamber  
  59  4:49  Drone, Roach Warren, Evolution Chamber  
  59  4:50  Drone x7  
  64  4:55  Queen  
  65  5:00  Overlord x2  
  65  5:02  Queen, Extractor  
  65  5:03  Extractor  
  57  5:10  Drone x3  
  57  5:11  Drone x2  
  60  5:21  Lair  
  60  5:22  Drone x3  
  63  5:30  Drone x3  
  66  5:41  Roach x5  
  76  5:47  Roach  
  76  5:48  Roach  
  80  5:50  Overlord  
  80  5:58  Drone  
  81  6:13  Zerg Missile Weapons Level 1, Zerg Ground Armor Level 1  
  81  6:14  Drone x6  
  81  6:15  Drone x3  
  86  6:30  Roach x4  
  84  6:42  Drone x6  
  83  6:55  Drone x7  
  83  6:58  Glial Reconstitution  
  90  7:06  Infestation Pit, Burrow  
  89  7:12  Overlord x3  
  89  7:19  Overlord  
  89  7:29  Queen, Extractor  
  90  7:31  Drone  
  90  7:32  Drone x5  
  90  7:33  Drone x3  
  90  7:35  Roach  
  101  7:45  Pathogen Glands  
  101  7:48  Overlord x3  
  101  7:52  Roach x4  
  101  7:57  Roach  
  111  8:00  Hatchery  
  104  8:17  Queen  
  99  8:32  Drone x3  
  101  8:34  Drone  
  101  8:35  Infestor x6  
  101  8:38  Roach x6  
  126  8:46  Roach  
  126  8:47  Roach x3  
  134  8:54  Overlord x6  
  133  9:17  Roach  
  133  9:18  Roach x9  
  153  9:26  Roach x4  
  161  9:33  Extractor x2  
  157  9:39  Roach x6  
  157  9:44  Hatchery  
  166  9:52  Roach x3  
  162  9:55  Neural Parasite  
  147  10:03  Roach x6  
  152  10:10  Roach x16  
  152  10:12  Roach x4  
  124  10:40  Roach  
  124  10:41  Roach x9  
  138  10:43  Roach  
  124  10:54  Roach x3, Overseer  
  110  11:15  Roach x6  
  120  11:19  Roach x29  
  120  11:23  Infestor  
  122  11:26  Infestor  
  122  11:28  Drone x7  
  122  11:29  Queen  
  133  11:35  Queen x3  
  139  11:42  Overlord  
  139  11:50  Roach x3  
  139  11:51  Roach x4  
  139  11:53  Extractor  
  152  11:54  Extractor  
  149  12:04  Drone  
  149  12:05  Drone x2, Queen  
  154  12:09  Extractor  
  154  12:11  Queen x2  
  157  12:21  Roach x5  
  157  12:22  Roach x3  
  170  12:38  Roach x3  
  176  12:45  Spire  
  176  12:47  Infestation Pit  
  176  12:49  Ravager x5  
  179  12:51  Overlord  
  179  12:52  Overlord x2  
  181  13:04  Hatchery  
Tags
 
Add a new tag
Caveats
  • Supply blocks, unpowered buildings, or Contaminate may cause inaccurate times.
  • Supply counts are checked every 10 seconds.